[Event "Titled Tuesday Blitz March 21 Late 2023"]
[White "2good4u734"]
[Black "Winkels, Marcel"]
[BlackFideId "1003887"]
[WhiteElo "2217"]
[BlackElo "1900"]
[Result "0-1"]
[Round "06"]
[TimeControl "180+2"]
[Date "2023.03.21"]
[WhiteClock "0:00:05"]
[BlackClock "0:00:45"]

1. g3 e5 2. Bg2 Nf6 3. d3 Bc5 4. Nf3 d6 5. O-O O-O 6. a3 a5 7. c4 Nc6 8. Nc3 h6 9. Rb1 Be6 10. Bd2 Qd7 11. Na4 Ba7 12. b4 axb4 13. axb4 Bh3 14. c5 Bxg2 15. Kxg2 e4 16. dxe4 Nxe4 17. Bf4 d5 18. b5 Ne7 19. Ne5 Qe6 20. Qc2 g5 21. b6 cxb6 22. Nxb6 Rad8 23. Ned7 Rxd7 24. Nxd7 Qxd7 25. Be3 Qe6 26. Rb5 Nf5 27. Bc1 Rc8 28. Bb2 Rxc5 29. Rxc5 Bxc5 30. e3 Ne7 31. Rc1 b6 32. f3 Bxe3 33. fxe4 Bxc1 34. Bxc1 Qxe4+ 35. Qxe4 dxe4 36. Kf2 f5 37. Ke3 Nc6 38. Bb2 Kf7 39. g4 Ke6 40. gxf5+ Kxf5 41. Bg7 h5 42. Bh6 g4 43. Bf4 h4 44. Bc7 b5 45. Bd6 b4 46. Bf8 b3 47. Bg7 Ne5 0-1


[Site "https://www.chess.com"]

[Event "Titled Tuesday Blitz March 21 Late 2023"]
[White "Fernandez Hernandez, Gerardo"]
[Black "Marcolino, Daniel Mattos"]
[WhiteFideId "2207400"]
[BlackFideId "2106841"]
[WhiteElo "2216"]
[BlackElo "2100"]
[Result "1-0"]
[Round "06"]
[TimeControl "180+2"]
[Date "2023.03.21"]
[WhiteClock "0:00:59"]
[BlackClock "0:00:32"]

1. e4 c6 2. d4 d5 3. exd5 cxd5 4. c4 Nf6 5. Nc3 e6 6. c5 Be7 7. Nf3 b6 8. b4 a5 9. Na4 bxc5 10. bxc5 Nfd7 11. Bf4 O-O 12. Rb1 Nc6 13. Bb5 Na7 14. Bxd7 Bxd7 15. Nb6 Nc6 16. Nxa8 Qxa8 17. O-O Bf6 18. Re1 h6 19. Ne5 Nxe5 20. Bxe5 Bxe5 21. dxe5 Rc8 22. Qd4 Qa7 23. Rb6 Qc7 24. c6 Bxc6 25. Rc1 Qa7 26. h3 Rc7 27. Qc5 1-0


[Site "https://www.chess.com"]

[Event "Titled Tuesday Blitz March 21 Late 2023"]
[White "Sjugirov, Sanan"]
[Black "Carlsen, Magnus"]
[WhiteFideId "4189302"]
[BlackFideId "1503014"]
[WhiteElo "2569"]
[BlackElo "2852"]
[Result "1-0"]
[Round "07"]
[TimeControl "180+2"]
[Date "2023.03.21"]
[WhiteClock "0:00:09"]
[BlackClock "0:00:16"]

1. e4 e5 2. Nf3 Nc6 3. Bb5 a6 4. Ba4 Nf6 5. O-O Be7 6. Re1 b5 7. Bb3 O-O 8. d3 d6 9. c3 Na5 10. Bc2 c5 11. Nbd2 Nc6 12. Nf1 h6 13. Ng3 Re8 14. h3 Be6 15. d4 cxd4 16. cxd4 exd4 17. Nxd4 Nxd4 18. Qxd4 Rc8 19. Bb3 Bxb3 20. axb3 d5 21. e5 Bc5 22. Qf4 Re6 23. Be3 Nd7 24. Bxc5 Nxc5 25. Re3 Rec6 26. Nf5 Ne6 27. Qg4 Rc1+ 28. Re1 Rxe1+ 29. Rxe1 Rc7 30. Nxh6+ Kf8 31. Nf5 Qg5 32. Qxg5 Nxg5 33. Rd1 Rc2 34. Rxd5 Ne6 35. Rd6 g6 36. Nd4 Nxd4 37. Rxd4 Rxb2 38. b4 Ke7 39. f4 Ke6 40. g4 Ke7 41. h4 Kf8 42. Re4 Kg7 43. f5 gxf5 44. gxf5 Rd2 45. e6 fxe6 46. fxe6 Kf8 47. e7+ Ke8 48. h5 Rd5 49. h6 Rh5 50. Re6 Rh4 51. Kg2 Rxb4 52. h7 Rh4 53. Rxa6 1-0


[Site "https://www.chess.com"]

[Event "Titled Tuesday Blitz March 21 Late 2023"]
[White "Svane, Rasmus"]
[Black "Maghsoodloo, Parham"]
[WhiteFideId "4657101"]
[BlackFideId "12539929"]
[WhiteElo "2597"]
[BlackElo "2647"]
[Result "0-1"]
[Round "07"]
[TimeControl "180+2"]
[Date "2023.03.21"]
[WhiteClock "0:00:04"]
[BlackClock "0:00:03"]

1. Nf3 d5 2. g3 c6 3. Bg2 Bg4 4. O-O Nd7 5. h3 Bh5 6. d4 Ngf6 7. c4 e6 8. cxd5 exd5 9. Ne5 Ne4 10. Bxe4 dxe4 11. Nc3 f6 12. Nc4 f5 13. d5 Bf7 14. Bf4 Nb6 15. dxc6 bxc6 16. Ne5 Qxd1 17. Rfxd1 Rc8 18. g4 g6 19. a4 a5 20. Be3 Nc4 21. Nxf7 Kxf7 22. Bd4 Rg8 23. b3 Nd6 24. Bb6 Ra8 25. Rd2 Ke6 26. Rad1 Rg7 27. e3 Rb7 28. Bc5 Nc4 29. bxc4 Bxc5 30. Ne2 Rab8 31. Nf4+ Ke7 32. Kg2 Ke8 33. gxf5 gxf5 34. Nh5 Ke7 35. Ng3 Ke6 36. Nh5 Rb2 37. Nf4+ Ke5 38. Rd5+ cxd5 39. Rxd5+ Kf6 40. Rxc5 Ra2 41. Nh5+ Ke6 42. Ng7+ Kd6 43. Rxf5 Rxa4 44. c5+ Kc6 45. Ne6 Rg8+ 46. Kh2 Ra1 47. Nd4+ Kb7 48. c6+ Kb6 49. Rb5+ Ka6 50. Rb7 Rag1 51. h4 R8g2+ 52. Kh3 Rg7 53. Rb8 Rh1# 0-1


[Site "https://www.chess.com"]

[Event "Titled Tuesday Blitz March 21 Late 2023"]
[White "Van Foreest, Jorden"]
[Black "Svane, Frederik"]
[WhiteFideId "1039784"]
[BlackFideId "12923044"]
[WhiteElo "2633"]
[BlackElo "2502"]
[Result "1-0"]
[Round "07"]
[TimeControl "180+2"]
[Date "2023.03.21"]
[WhiteClock "0:01:08"]
[BlackClock "0:00:08"]

1. e4 c5 2. Nf3 d6 3. d4 cxd4 4. Nxd4 Nf6 5. Nc3 Nc6 6. Bb5 Bd7 7. Be3 e6 8. Qe2 Nxd4 9. Bxd4 Bxb5 10. Qxb5+ Qd7 11. O-O-O a6 12. Qe2 Be7 13. f4 Qc6 14. g4 O-O 15. g5 Nd7 16. Rhg1 b5 17. Rd3 b4 18. Rh3 bxc3 19. Rxh7 Kxh7 20. Qh5+ Kg8 21. Bxg7 Kxg7 22. Qh6+ Kg8 23. g6 Nf6 24. gxf7+ Kxf7 25. Qg6# 1-0


[Site "https://www.chess.com"]

[Event "Titled Tuesday Blitz March 21 Late 2023"]
[White "Bok, Benjamin"]
[Black "Bortnyk, Olexandr"]
[WhiteFideId "1017063"]
[BlackFideId "14120828"]
[WhiteElo "2658"]
[BlackElo "2734"]
[Result "0-1"]
[Round "07"]
[TimeControl "180+2"]
[Date "2023.03.21"]
[WhiteClock "0:00:02"]
[BlackClock "0:00:24"]

1. d4 Nf6 2. c4 b6 3. Nc3 Bb7 4. Qc2 d5 5. cxd5 Nxd5 6. e4 Nxc3 7. bxc3 e5 8. Nf3 exd4 9. Bc4 Be7 10. O-O d3 11. Bxd3 O-O 12. e5 Bxf3 13. gxf3 g6 14. Bh6 Re8 15. e6 f5 16. Bxf5 Bd6 17. Bxg6 Qh4 18. Bf7+ Kh8 19. f4 Nc6 20. Qe4 Qxh6 21. Bxe8 Rxe8 22. Kh1 Bxf4 23. Qg2 Rg8 24. Rg1 Rxg2 25. Rxg2 Qxe6 26. Rag1 Ne5 27. Rg7 Qd5+ 28. R1g2 Nf3 29. h3 Qd1+ 0-1


[Site "https://www.chess.com"]

[Event "Titled Tuesday Blitz March 21 Late 2023"]
[White "Kramnik, Vladimir"]
[Black "Fedoseev, Vladimir"]
[WhiteFideId "4101588"]
[BlackFideId "24130737"]
[WhiteElo "2712"]
[BlackElo "2752"]
[Result "1-0"]
[Round "07"]
[TimeControl "180+2"]
[Date "2023.03.21"]
[WhiteClock "0:00:18"]
[BlackClock "0:00:03"]

1. e4 c6 2. d4 d5 3. Nd2 dxe4 4. Nxe4 Bf5 5. Ng3 Bg6 6. h4 h6 7. Be3 Nf6 8. h5 Bh7 9. Bd3 Bxd3 10. Qxd3 Na6 11. O-O-O e6 12. Kb1 Qd5 13. Nf3 Nb4 14. Qb3 Qxb3 15. axb3 Bd6 16. Ne5 Nbd5 17. Bc1 c5 18. Nc4 Bxg3 19. fxg3 cxd4 20. Nd6+ Kf8 21. Rxd4 b6 22. c4 Ne7 23. Nb5 Nf5 24. Rd3 Kg8 25. Rhd1 Kh7 26. b4 Rhc8 27. b3 a5 28. bxa5 bxa5 29. Bb2 Ng4 30. Rd7 f6 31. Nc7 Ra7 32. Nxe6 Rxd7 33. Rxd7 Re8 34. Nd4 Re1+ 35. Ka2 Nxg3 36. c5 Ne5 37. c6 Nxc6 38. Nxc6 Nxh5 39. Nxa5 Re2 40. b4 Rxg2 41. Nc4 Rg4 42. Kb3 Rg3+ 43. Ka4 Rg4 44. Nd6 1-0


[Site "https://www.chess.com"]

[Event "Titled Tuesday Blitz March 21 Late 2023"]
[White "Firouzja, Alireza"]
[Black "Indjic, Aleksandar"]
[WhiteFideId "12573981"]
[BlackFideId "911925"]
[WhiteElo "2904"]
[BlackElo "2614"]
[Result "1-0"]
[Round "07"]
[TimeControl "180+2"]
[Date "2023.03.21"]
[WhiteClock "0:01:14"]
[BlackClock "0:00:17"]

1. e4 c5 2. Nf3 d6 3. d4 cxd4 4. Nxd4 Nf6 5. Nc3 a6 6. Be3 e5 7. Nf3 Be7 8. h3 O-O 9. g4 Be6 10. g5 Nfd7 11. Nd5 Bxd5 12. Qxd5 Qc7 13. O-O-O Nc6 14. Kb1 b5 15. Nh4 g6 16. Nf5 gxf5 17. exf5 Rac8 18. f6 Nb4 19. Qd2 Qxc2+ 20. Qxc2 Nxc2 21. fxe7 Rfe8 22. Rxd6 Rxe7 23. Rxa6 Nxe3 24. fxe3 Nc5 25. Rb6 Ne4 26. Bxb5 Rec7 27. a4 Kh8 28. Rd1 Nxg5 29. h4 Ne4 30. a5 Ra7 31. a6 Rcc7 32. h5 Kg7 33. h6+ Kf8 34. Rd8+ Ke7 35. Re8# 1-0


[Site "https://www.chess.com"]

[Event "Titled Tuesday Blitz March 21 Late 2023"]
[White "Zierk, Steven"]
[Black "Alekseenko, Kirill"]
[WhiteFideId "2034255"]
[BlackFideId "4135539"]
[WhiteElo "2494"]
[BlackElo "2683"]
[Result "0-1"]
[Round "07"]
[TimeControl "180+2"]
[Date "2023.03.21"]
[WhiteClock "0:00:11"]
[BlackClock "0:00:19"]

1. e4 e5 2. Nf3 Nc6 3. Bc4 Nf6 4. d4 exd4 5. e5 d5 6. Bb5 Nd7 7. O-O Be7 8. Bxc6 bxc6 9. Nxd4 Nb8 10. Qf3 O-O 11. Nc3 a5 12. Re1 Ra6 13. Nf5 Bxf5 14. Qxf5 Qd7 15. e6 fxe6 16. Qxe6+ Qxe6 17. Rxe6 Bd6 18. Na4 Nd7 19. Bd2 Raa8 20. Rae1 h6 21. b3 Kf7 22. Kf1 Kg8 23. h4 Nf6 24. f3 Nh5 25. Be3 Nf4 26. Bxf4 Rxf4 27. Re8+ Rxe8 28. Rxe8+ Kf7 29. Ra8 Rxh4 30. Rxa5 Rh1+ 31. Ke2 Rc1 32. Kd3 h5 33. c4 Rg1 34. cxd5 Rxg2 35. dxc6 h4 36. Rh5 g5 37. Nc3 Be5 38. Rh7+ Bg7 39. Nd5 Kg6 40. Rxg7+ Kxg7 41. Nxc7 Rxa2 42. Ne8+ Kg6 43. c7 Ra8 44. Nd6 h3 45. Ne4 h2 46. Ng3 Rc8 47. b4 Rxc7 48. Kd4 Rc1 49. b5 Rg1 50. b6 Rxg3 51. b7 h1=Q 52. b8=Q Qd1+ 53. Kc4 Qc2+ 54. Kd4 Qd2+ 55. Kc5 Qe3+ 56. Kb4 Qf4+ 0-1


[Site "https://www.chess.com"]

[Event "Titled Tuesday Blitz March 21 Late 2023"]
[White "Makarian, Rudik"]
[Black "Movahed, Sina"]
[WhiteFideId "44105681"]
[BlackFideId "42520835"]
[WhiteElo "2436"]
[BlackElo "2225"]
[Result "0-1"]
[Round "07"]
[TimeControl "180+2"]
[Date "2023.03.21"]
[WhiteClock "0:00:04"]
[BlackClock "0:00:16"]

1. d4 Nf6 2. c4 g6 3. Nc3 Bg7 4. e4 O-O 5. Be2 d6 6. Nf3 e5 7. O-O exd4 8. Nxd4 Re8 9. f3 c6 10. Bg5 Qb6 11. Kh1 Nbd7 12. Nb3 a5 13. Qd2 a4 14. Be3 Qd8 15. Nd4 Nc5 16. Rad1 Nfd7 17. Nc2 Bf8 18. Bf4 Ne5 19. Ne3 Qa5 20. Rc1 a3 21. b3 h5 22. Rcd1 h4 23. h3 Bg7 24. Nb1 Qxd2 25. Rxd2 Nxb3 26. Rxd6 Nc5 27. Nc2 f5 28. exf5 Bxf5 29. Ne3 Nf7 30. Rd2 Bxb1 31. Rxb1 g5 32. Bh2 Rxe3 33. Bg1 Re5 34. f4 gxf4 35. Bxc5 Rxc5 36. Rxb7 Re5 37. Bf3 Rf8 38. Bxc6 Kh8 39. Bf3 Rg5 40. Kh2 Ne5 41. Rc2 Rg3 42. Bd5 f3 43. gxf3 Nxf3+ 44. Bxf3 Rfxf3 45. c5 Be5 46. Kh1 Rxh3+ 47. Kg1 Rhg3+ 48. Kh1 Rf1+ 49. Kh2 Rg5+ 50. Kh3 Rh1+ 0-1


[Site "https://www.chess.com"]

[Event "Titled Tuesday Blitz March 21 Late 2023"]
[White "Plat, Vojtech"]
[Black "Kamsky, Gata"]
[WhiteFideId "325740"]
[BlackFideId "2000024"]
[WhiteElo "2542"]
[BlackElo "2666"]
[Result "1/2-1/2"]
[Round "07"]
[TimeControl "180+2"]
[Date "2023.03.21"]
[WhiteClock "0:01:46"]
[BlackClock "0:02:05"]

1. e4 c5 2. Nf3 e6 3. c3 Nf6 4. e5 Nd5 5. d4 cxd4 6. cxd4 b6 7. Bd3 Ba6 8. O-O Be7 9. Nc3 Nxc3 10. bxc3 Bxd3 11. Qxd3 d5 12. exd6 Qxd6 13. a4 O-O 14. Ba3 Qc7 15. Bxe7 Qxe7 16. Qe4 Nd7 17. a5 Nf6 18. Qd3 Qc7 19. axb6 axb6 20. c4 h6 21. Ne5 Rxa1 22. Rxa1 Nd7 23. Nxd7 Qxd7 24. d5 exd5 25. cxd5 1/2-1/2


[Site "https://www.chess.com"]

[Event "Titled Tuesday Blitz March 21 Late 2023"]
[White "Steinberg, Nitzan"]
[Black "Drygalov, Andrey"]
[WhiteFideId "2801795"]
[BlackFideId "24171735"]
[WhiteElo "2486"]
[BlackElo "2471"]
[Result "1/2-1/2"]
[Round "07"]
[TimeControl "180+2"]
[Date "2023.03.21"]
[WhiteClock "0:00:05"]
[BlackClock "0:00:03"]

1. e4 c5 2. Nf3 d6 3. d4 cxd4 4. Nxd4 Nf6 5. Nc3 a6 6. h4 e5 7. Nb3 Be6 8. f4 Qc7 9. f5 Bc4 10. g4 h6 11. Qf3 d5 12. Nxd5 Bxd5 13. exd5 Qxc2 14. Bd2 e4 15. Qe2 Qxb2 16. Rc1 Nbd7 17. Rg1 Bd6 18. Bc3 Qxe2+ 19. Bxe2 Be5 20. Bxe5 Nxe5 21. d6 Rd8 22. g5 hxg5 23. hxg5 Nd5 24. Nc5 Rxd6 25. Nxb7 Rc6 26. Rxc6 Nxc6 27. Nd6+ Ke7 28. Nxe4 Rb8 29. Bc4 Ne3 30. Bb3 Nxf5 31. Kf2 Ncd4 32. Re1 Kf8 33. Nc5 Rd8 34. Ba4 g6 35. Nxa6 Ne6 36. Bb3 Nxg5 37. Nc5 Rd2+ 38. Re2 Rxe2+ 39. Kxe2 Ke7 40. a4 Kd6 41. Nb7+ Kc7 42. Na5 Kb6 43. Nc4+ Kc5 44. Kf2 Ne4+ 45. Kg1 Nd4 46. Ba2 Nc3 47. Ne5 Nxa2 48. Nxf7 Nc6 49. Nh8 Ne5 50. Nxg6 Nxg6 51. a5 Nb4 52. a6 Nxa6 1/2-1/2


[Site "https://www.chess.com"]

[Event "Titled Tuesday Blitz March 21 Late 2023"]
[White "Gholami Orimi, Mahdi"]
[Black "Moussard, Jules"]
[WhiteFideId "12558486"]
[BlackFideId "642908"]
[WhiteElo "2363"]
[BlackElo "2610"]
[Result "1-0"]
[Round "07"]
[TimeControl "180+2"]
[Date "2023.03.21"]
[WhiteClock "0:00:29"]
[BlackClock "0:00:02"]

1. d4 Nf6 2. c4 e6 3. Nc3 d5 4. cxd5 exd5 5. Bg5 c6 6. e3 h6 7. Bh4 Be7 8. Bd3 O-O 9. Nge2 Ne8 10. Bg3 Nd6 11. Qc2 Re8 12. O-O Bf8 13. Rad1 a5 14. Kh1 Na6 15. a3 Nc7 16. Rfe1 b5 17. Nb1 Bd7 18. Nf4 Qf6 19. f3 Nf5 20. Bxf5 Bxf5 21. e4 dxe4 22. fxe4 Bh7 23. Nh5 Qg6 24. Bxc7 Qxh5 25. Qxc6 Bxe4 26. Qc3 Ra6 27. Bg3 Rc6 28. Qxa5 Rc2 29. Rd2 Rcc8 30. Rde2 Bc6 31. Rxe8 Rxe8 32. Rxe8 Bxe8 33. Qe1 Bc6 34. Nc3 b4 35. axb4 Bxb4 36. Kg1 Qf5 37. Qe2 h5 38. h3 Qg6 39. Kh2 Bd7 40. Nd5 Bf8 41. Qe5 Bc6 42. Nf4 Qc2 43. d5 1-0


[Site "https://www.chess.com"]

[Event "Titled Tuesday Blitz March 21 Late 2023"]
[White "Vasquez Schroeder, Rodrigo"]
[Black "Papasimakopoulos, Alexandros"]
[WhiteFideId "3400042"]
[BlackFideId "4244125"]
[WhiteElo "2600"]
[BlackElo "2359"]
[Result "1-0"]
[Round "07"]
[TimeControl "180+2"]
[Date "2023.03.21"]
[WhiteClock "0:00:12"]
[BlackClock "0:00:01"]

1. e4 e6 2. d4 d5 3. Nc3 Bb4 4. e5 c5 5. Bd2 Ne7 6. Nb5 Bxd2+ 7. Qxd2 O-O 8. c3 Nbc6 9. f4 f6 10. Nf3 fxe5 11. fxe5 Nf5 12. dxc5 Nh4 13. Nbd4 Nxf3+ 14. Nxf3 Bd7 15. Bd3 Rxf3 16. gxf3 Nxe5 17. O-O Qh4 18. Rae1 Qh5 19. Qe3 Nxd3 20. Qxd3 Rf8 21. Qe3 h6 22. Rf2 Rf6 23. Qe5 Qh4 24. Qg3 Qh5 25. Re5 Qe8 26. Qh4 Qf8 27. b4 Rf4 28. Qg3 Rc4 29. f4 a5 30. a3 axb4 31. axb4 d4 32. cxd4 Rxd4 33. h3 Rxb4 34. Kh2 Rb1 35. f5 Bc6 36. Qd3 Rh1+ 37. Kg3 Rg1+ 38. Kh2 Rh1+ 39. Kg3 Qf6 40. Qe3 Rg1+ 41. Kh2 Rh1+ 42. Kg3 h5 43. Rd2 exf5 44. Qf4 Qg6+ 45. Kh4 Qf6+ 46. Kg3 Qg6+ 47. Kh4 Rg1 48. Rd8+ Kh7 49. Qxf5 Qxf5 50. Rxf5 Kg6 51. Re5 1-0


[Site "https://www.chess.com"]

[Event "Titled Tuesday Blitz March 21 Late 2023"]
[White "Li, Ruifeng"]
[Black "Naroditsky, Daniel"]
[WhiteFideId "2061074"]
[BlackFideId "2026961"]
[WhiteElo "2441"]
[BlackElo "2633"]
[Result "1-0"]
[Round "07"]
[TimeControl "180+2"]
[Date "2023.03.21"]
[WhiteClock "0:01:26"]
[BlackClock "0:00:34"]

1. b3 b5 2. Bb2 Bb7 3. Nf3 Nf6 4. e3 a6 5. c4 b4 6. d4 e6 7. Bd3 Be7 8. g4 Ne4 9. Rg1 O-O 10. Nbd2 Nxd2 11. Nxd2 c5 12. dxc5 Qc7 13. Qc2 h6 14. O-O-O a5 15. f4 a4 16. g5 h5 17. Rg3 axb3 18. axb3 Rc8 19. Rh3 Na6 20. Rxh5 Nxc5 21. Be2 Bd6 22. Qh7+ Kf8 23. Qxg7+ Ke8 24. Rh8+ 1-0


[Site "https://www.chess.com"]

[Event "Titled Tuesday Blitz March 21 Late 2023"]
[White "Rustemov, Alexander"]
[Black "Andreikin, Dmitry"]
[WhiteFideId "4119002"]
[BlackFideId "4158814"]
[WhiteElo "2859"]
[BlackElo "2736"]
[Result "1/2-1/2"]
[Round "07"]
[TimeControl "180+2"]
[Date "2023.03.21"]
[WhiteClock "0:00:07"]
[BlackClock "0:00:04"]

1. d4 g6 2. c4 Bg7 3. Nf3 e6 4. e3 Ne7 5. Be2 O-O 6. O-O c5 7. dxc5 Na6 8. Nbd2 Nxc5 9. Rb1 a5 10. b3 b6 11. Bb2 Bb7 12. Bxg7 Kxg7 13. a3 d6 14. b4 Nd7 15. Qb3 Qc7 16. Qb2+ Kg8 17. Nd4 Ne5 18. Rfc1 axb4 19. axb4 N7c6 20. Nb5 Qe7 21. Ne4 Nxb4 22. Nexd6 Nbd3 23. Qd4 Nxc1 24. Rxc1 Ra2 25. Qxe5 Rxe2 26. Nd4 Rd2 27. Nxb7 Qxb7 28. h4 Qb8 29. Qf6 Qd8 30. Qf4 Qe7 31. Nf3 Ra2 32. h5 Ra5 33. h6 Rh5 34. Rd1 g5 35. Qe5 Rxh6 36. Nxg5 Rg6 37. Nf3 Rd8 38. Rb1 Qb7 39. Qf4 Kg7 40. g3 h6 41. Nh4 Rf6 42. Qg4+ Kh7 43. Rf1 Rg8 44. Qd4 Qe7 45. Rb1 e5 46. Qe4+ Kh8 47. Nf3 Re6 48. Rb5 Qf6 49. Nh4 Rg5 50. Kg2 Kg7 51. Nf3 Rf5 52. g4 Rxf3 53. Qxf3 Qg6 54. Qf5 Qxf5 55. gxf5 Rc6 56. Rxe5 Rxc4 57. e4 b5 58. Re8 b4 59. Kf3 b3 60. Rb8 Rc3+ 61. Kg4 Kf6 62. f4 h5+ 63. Kxh5 Re3 64. Kg4 Rxe4 65. Rb6+ Kg7 66. Rxb3 Re1 67. Rb6 Rg1+ 68. Kf3 Rf1+ 69. Kg3 Rg1+ 70. Kf3 Rf1+ 71. Kg3 Rg1+ 72. Kf3 1/2-1/2


[Site "https://www.chess.com"]

[Event "Titled Tuesday Blitz March 21 Late 2023"]
[White "Erigaisi Arjun"]
[Black "Rasulov, Vugar"]
[WhiteFideId "35009192"]
[BlackFideId "13402390"]
[WhiteElo "2737"]
[BlackElo "2509"]
[Result "1-0"]
[Round "07"]
[TimeControl "180+2"]
[Date "2023.03.21"]
[WhiteClock "0:00:05"]
[BlackClock "0:00:03"]

1. c4 Nf6 2. Nc3 c6 3. e4 d5 4. e5 Ne4 5. d4 Nxc3 6. bxc3 g6 7. h4 c5 8. h5 Bg7 9. Nf3 cxd4 10. cxd4 Nc6 11. h6 Bf8 12. Rb1 e6 13. cxd5 exd5 14. Be2 Be7 15. Be3 O-O 16. Kf1 b6 17. Ne1 Bf5 18. Rc1 Rc8 19. g4 Be6 20. f4 f6 21. exf6 Bxf6 22. Kg2 Na5 23. Nd3 Rxc1 24. Qxc1 Nc4 25. Bf2 Qd7 26. Qd1 Nd6 27. Ne5 Bxe5 28. dxe5 Nc4 29. Bxc4 dxc4 30. Qxd7 Bxd7 31. Kg3 c3 32. Rc1 Rc8 33. Kh4 c2 34. Kg5 Rc3 35. Be1 Rc5 36. Bb4 Rc4 37. Bd6 Ba4 38. f5 Rd4 39. Kf6 Rxg4 40. e6 gxf5 41. Kxf5 Rg2 42. Kf6 a5 43. Ke7 Rg6 44. Be5 Rxh6 45. Rf1 Rxe6+ 46. Kxe6 Bb5 47. Rg1+ Kf8 48. Bd6+ Ke8 49. Rg8# 1-0


[Site "https://www.chess.com"]

[Event "Titled Tuesday Blitz March 21 Late 2023"]
[White "Paravyan, David"]
[Black "Zakhartsov, Vladimir"]
[WhiteFideId "4194985"]
[BlackFideId "4145097"]
[WhiteElo "2577"]
[BlackElo "2521"]
[Result "0-1"]
[Round "07"]
[TimeControl "180+2"]
[Date "2023.03.21"]
[WhiteClock "0:00:03"]
[BlackClock "0:00:14"]

1. Nf3 c5 2. c4 Nc6 3. Nc3 g6 4. e3 Nf6 5. d4 cxd4 6. exd4 d5 7. cxd5 Nxd5 8. Qb3 Nxc3 9. Bc4 e6 10. bxc3 Bg7 11. Ba3 Bf8 12. Bxf8 Kxf8 13. O-O Kg7 14. Rab1 Na5 15. Qb4 Nxc4 16. Qxc4 b6 17. Ne5 Bb7 18. Qd3 Qd5 19. Qg3 Rac8 20. c4 Qxd4 21. Rbd1 Qe4 22. Rfe1 Rhd8 23. Nd7 Qxg2+ 24. Qxg2 Bxg2 25. Kxg2 Rxc4 26. Ne5 Rxd1 27. Rxd1 Rc7 28. Rd7 Rxd7 29. Nxd7 f6 30. Kf3 Kf7 31. Nb8 e5 32. Nc6 a6 33. Nb4 a5 34. Nd5 b5 35. Ke4 b4 36. Kd3 Ke6 37. Ne3 f5 38. Kc4 f4 39. Nd5 g5 40. Nc7+ Kf5 41. Kb5 e4 42. Kxa5 e3 43. fxe3 f3 44. Nb5 f2 45. Nd4+ Kf6 0-1


[Site "https://www.chess.com"]

[Event "Titled Tuesday Blitz March 21 Late 2023"]
[White "Bluebaum, Matthias"]
[Black "Urazayev, Arystanbek"]
[WhiteFideId "24651516"]
[BlackFideId "13709810"]
[WhiteElo "2638"]
[BlackElo "2479"]
[Result "1-0"]
[Round "07"]
[TimeControl "180+2"]
[Date "2023.03.21"]
[WhiteClock "0:02:05"]
[BlackClock "0:00:50"]

1. d4 Nf6 2. c4 e6 3. Nc3 d5 4. cxd5 exd5 5. Bf4 c6 6. e3 Bd6 7. Bxd6 Qxd6 8. Bd3 O-O 9. Nge2 Re8 10. Qd2 a5 11. f3 Na6 12. e4 dxe4 13. fxe4 Nb4 14. Bb1 Ng4 15. h3 Nh6 16. a3 Na6 17. e5 Qe7 18. O-O c5 19. Qd3 g6 20. Nd5 Qd8 21. Nf6+ Kg7 22. Nxe8+ Qxe8 23. Qc3 cxd4 24. Nxd4 Be6 25. Nxe6+ Qxe6 26. Ba2 Qb6+ 27. Kh1 Nf5 28. e6+ f6 29. Rad1 Nc5 30. Bb1 Nxe6 31. Rd7+ Kh6 32. Bxf5 1-0


[Site "https://www.chess.com"]

[Event "Titled Tuesday Blitz March 21 Late 2023"]
[White "Matlakov, Maxim"]
[Black "Tanenbaum, Zachary"]
[WhiteFideId "4168003"]
[BlackFideId "2060850"]
[WhiteElo "2666"]
[BlackElo "2175"]
[Result "1-0"]
[Round "07"]
[TimeControl "180+2"]
[Date "2023.03.21"]
[WhiteClock "0:01:34"]
[BlackClock "0:00:09"]

1. e4 e5 2. Nf3 Nc6 3. Bb5 a6 4. Ba4 d6 5. c3 Nf6 6. Qe2 Be7 7. O-O O-O 8. d4 b5 9. Bb3 Bb7 10. Rd1 Qc8 11. h3 h6 12. Nbd2 Re8 13. Nf1 Bf8 14. Ng3 exd4 15. cxd4 Na5 16. Bc2 Nxe4 17. Bxe4 Bxe4 18. Nxe4 d5 19. Nf6+ gxf6 20. Qd3 Nc4 21. b3 Nd6 22. Bf4 Ne4 23. Rac1 c6 24. Nh4 Kh8 25. Qf3 Qe6 26. Qh5 f5 27. Be5+ Kg8 28. Nxf5 Qg6 29. Qf3 Ng5 30. Qg4 h5 31. Qg3 Qxf5 32. Rxc6 Kh7 33. Rf6 Qc2 34. Qxg5 Qxd1+ 35. Kh2 Re6 36. Rxf7+ Bg7 37. Qxg7# 1-0


[Site "https://www.chess.com"]

[Event "Titled Tuesday Blitz March 21 Late 2023"]
[White "Kuznetsov, Felix"]
[Black "Sargsyan, Shant"]
[WhiteFideId "34147990"]
[BlackFideId "13306766"]
[WhiteElo "2235"]
[BlackElo "2628"]
[Result "0-1"]
[Round "07"]
[TimeControl "180+2"]
[Date "2023.03.21"]
[WhiteClock "0:00:01"]
[BlackClock "0:01:10"]

1. e4 g6 2. d4 Bg7 3. Nc3 c6 4. Be3 d5 5. e5 Nh6 6. f4 Ng4 7. Bf2 Qb6 8. Rb1 h5 9. Nf3 Nxf2 10. Kxf2 Bg4 11. Be2 e6 12. Rf1 Nd7 13. Kg1 c5 14. Na4 Qc7 15. c3 O-O 16. Qd2 Rfc8 17. Rfc1 Bf5 18. Ra1 a5 19. Bb5 c4 20. Bxd7 Qxd7 21. Nb6 Qc6 22. Nxc8 Rxc8 23. b3 b5 24. Qb2 Bf8 25. Nd2 Bh6 26. g3 g5 27. fxg5 Bxg5 28. b4 axb4 29. Rf1 bxc3 30. Qxc3 b4 31. Qxb4 c3 32. Nb3 c2 33. Nc5 Be3+ 34. Kg2 Bxd4 35. Qxd4 Qxc5 36. Qxc5 Rxc5 37. Rfc1 d4 38. Kf2 Rxe5 39. a4 d3 40. a5 d2 41. a6 Ra5 0-1


[Site "https://www.chess.com"]

[Event "Titled Tuesday Blitz March 21 Late 2023"]
[White "Wagner, Dennis"]
[Black "Martinez Alcantara, Jose Eduardo"]
[WhiteFideId "24650684"]
[BlackFideId "3805662"]
[WhiteElo "2470"]
[BlackElo "2712"]
[Result "0-1"]
[Round "07"]
[TimeControl "180+2"]
[Date "2023.03.21"]
[WhiteClock "0:00:07"]
[BlackClock "0:00:15"]

1. d4 Nf6 2. c4 e6 3. Nf3 Bb4+ 4. Bd2 c5 5. Bxb4 cxb4 6. g3 b6 7. Bg2 Bb7 8. O-O a5 9. Qd3 O-O 10. Nbd2 d6 11. e4 Qc7 12. Rac1 Nbd7 13. Rfe1 e5 14. Nf1 Rfe8 15. d5 Nc5 16. Qc2 Bc8 17. N3d2 Bd7 18. Ne3 Rac8 19. Bf1 Qd8 20. h4 Ba4 21. Qb1 Bd7 22. Kg2 g6 23. Be2 h5 24. f3 Rf8 25. Rh1 Ne8 26. g4 Ng7 27. Ndf1 hxg4 28. fxg4 f5 29. exf5 gxf5 30. gxf5 Nxf5 31. Bg4 e4 32. Nxf5 Bxf5 33. Bxf5 Rxf5 34. Ng3 Rf4 35. Rcf1 Qf6 36. Rxf4 Qxf4 37. Qf1 Rf8 38. Qxf4 Rxf4 39. h5 e3 40. Rf1 Rxc4 41. Kf3 Rc2 42. Kxe3 Rxb2 43. Nf5 Rxa2 44. Rg1+ Kf8 45. h6 Rh2 46. Rg7 b3 47. h7 b2 48. Rg8+ Kf7 49. Rg1 Rxh7 50. Nxd6+ Kf6 51. Nc4 Rh3+ 52. Kd2 Ne4+ 53. Kc2 Rc3+ 54. Kxb2 Rxc4 55. Ka3 Ke5 56. Rb1 Rc3+ 57. Ka4 Rc4+ 58. Kb5 Rb4+ 59. Rxb4 axb4 60. Kxb4 Nd6 61. Ka4 Kxd5 62. Kb4 Kc6 63. Ka4 b5+ 64. Kb4 Kb6 65. Ka3 Kc5 66. Kb3 b4 67. Ka4 Nf7 68. Kb3 Kb5 0-1


[Site "https://www.chess.com"]

[Event "Titled Tuesday Blitz March 21 Late 2023"]
[White "Hansen, Eric"]
[Black "Klekowski, Maciej"]
[WhiteFideId "2606771"]
[BlackFideId "1132717"]
[WhiteElo "2569"]
[BlackElo "2540"]
[Result "1-0"]
[Round "07"]
[TimeControl "180+2"]
[Date "2023.03.21"]
[WhiteClock "0:00:10"]
[BlackClock "0:00:01"]

1. Nf3 c5 2. g3 g6 3. Bg2 Bg7 4. O-O Nf6 5. b3 O-O 6. Bb2 Nc6 7. c4 d5 8. cxd5 Nxd5 9. Bxg7 Kxg7 10. Qc1 b6 11. d4 Nxd4 12. Qb2 e5 13. e3 Nxf3+ 14. Bxf3 Nc7 15. Bxa8 Nxa8 16. Qxe5+ Kg8 17. Nc3 Bb7 18. Rad1 Qc8 19. e4 Nc7 20. f3 Re8 21. Qf6 Ne6 22. Nb5 Rf8 23. Rf2 Ba6 24. Nd6 Qc7 25. Kg2 Nd4 26. e5 Bb7 27. h4 h5 28. Rd3 Bd5 29. Re3 Qc6 30. Ne4 Bxe4 31. Rxe4 1-0


[Site "https://www.chess.com"]